 Dungeon Crawl Stone Soup version 0.25-a0-340-ga1faa1601d (webtiles) character file.

Game seed: 14587084456073563049, levelgen mode: classic

136 Borgoz the Skirmisher (level 5, 0/33 HPs)
             Began as a Gargoyle Fighter on Dec 29, 2019.
             Killed from afar by an orc wizard (9 damage)
             ... with a puff of flame
             ... on level 3 of the Dungeon.
             The game lasted 00:02:01 (1595 turns).

Borgoz the Skirmisher (Gargoyle Fighter)            Turns: 1595, Time: 00:02:01

Health: 0/33       AC: 11    Str: 24    XL:     5   Next: 19%
Magic:  5/5        EV:  7    Int:  9    God:
Gold:   85         SH:  9    Dex: 10    Spells: 4/4 levels left

rFire    . . .     SeeInvis .   a - +0 long sword
rCold    . . .     Gourm    .   c - +0 shield
rNeg     + . .     Faith    .   b - +0 scale mail
rPois    ∞         Spirit   .   (no helmet)
rElec    +         Reflect  .   (no cloak)
rCorr    .         Harm     +   (no gloves)
MR       .....                  (no boots)
Stlth    ..........             g - amulet of harm
HPRegen  0.11/turn              (no ring)
MPRegen  0.09/turn              (no ring)

@: mighty
A: negative energy resistance 1, electricity resistance, unbreathing,
petrification resistance, rot immunity, AC +4
a: no special abilities


You were on level 3 of the Dungeon.
You were hungry.

You visited 1 branch of the dungeon, and saw 3 of its levels.

You collected 85 gold pieces.

Inventory:

Hand Weapons
 a - a +0 long sword (weapon)
Armour
 b - a +0 scale mail (worn)
 c - a +0 shield (worn)
Jewellery
 g - an amulet of harm (around neck)
 n - an uncursed amulet of guardian spirit
Scrolls
 e - a scroll of random uselessness {unknown}
 j - a scroll of enchant armour {unknown}
 k - a scroll of blinking {unknown}
 l - a scroll of teleportation {unknown}
Potions
 h - a potion of brilliance {unknown}
 m - a potion of degeneration
Comestibles
 f - a ration


   Skills:
 + Level 4.2 Fighting
 * Level 3.6 Long Blades
 + Level 4.2 Armour
 - Level 3.2 Shields


You had 4 spell levels left.
You didn't know any spells.
Your spell library was empty.

Dungeon Overview and Level Annotations

Branches:
Dungeon (3/15)

Altars:
Fedhas
Trog
Vehumet


Innate Abilities, Weirdness & Mutations

You are resistant to torment.
Your stone body is resilient. (AC +4)
You are immune to poison.
You resist negative energy. (rN+)
You are resistant to electric shocks. (rElec)
You can survive without breathing.
You are immune to petrification.
You are immune to rotting.


Message History

You barely miss something. Something hits you.
Something hits you but does no damage.
You miss something. Something hits you but does no damage.
You miss something.
You hear some strange, mumbled words.
A puff of flame appears from out of thin air!
The puff of flame hits you but does no damage.
Something hits you but does no damage.
You miss something.
You hear some strange, mumbled words.
A magic dart appears from out of thin air!
The magic dart hits you.
* * * LOW HITPOINT WARNING * * *
You miss something. You block something's attack.
Something hits you but does no damage.
You barely miss something.
You hear some strange, mumbled words.
A puff of flame appears from out of thin air!
The puff of flame hits you!
You die...

#. #.# #.# ### # ...
..# #.###.# #.#
#.#.#.# #.# # #
###.....###.####.#...#
+......^......@{o.....
##.....###.####.#...#
#.........# # #
#####.##### #######
#.# ...<..# #.#
#####.# #.# #.# #.#
#####.###.#


You could see an orc.

Vanquished Creatures
  Terence (D:2)
  A gnoll (D:1)
  8 oozes
  3 worms (D:2)
  2 dart slugs
  A leopard gecko (D:2)
  3 bats (D:2)
  6 giant cockroaches (D:1)
  3 goblins
  2 hobgoblins (D:2)
  5 jackals (D:1)
  A ball python (D:2)
  A frilled lizard (D:2)
  10 kobolds
  8 rats
55 creatures vanquished.

Notes
Turn   | Place    | Note
-------+----------+-------------------------------------------
     0 | D:1      | Borgoz the Gargoyle Fighter began the quest for the Orb.
     0 | D:1      | Reached XP level 1. HP: 14/14 MP: 1/1
     1 | D:1      | Found a runed translucent door.
    30 | D:1      | Reached XP level 2. HP: 11/19 MP: 2/2
   799 | D:1      | Reached XP level 3. HP: 23/23 MP: 3/3
   883 | D:1      | Reached XP level 4. HP: 22/29 MP: 4/4
  1001 | D:2      | Noticed Terence
  1012 | D:2      | Killed Terence
  1219 | D:2      | Reached XP level 5. HP: 33/33 MP: 5/5
  1324 | D:2      | Found a blossoming altar of Fedhas.
  1325 | D:2      | Found a radiant altar of Vehumet.
  1356 | D:2      | Found a bloodstained altar of Trog.
  1595 | D:3      | Killed from afar by an orc wizard

Levels and vault maps discovered:
D:1:      dpeg_arrival_caged_fury, layout_loops_corners
D:2:      layout_rooms, gammafunk_temple_overflow_pools, lemuel_doored_altar,
          roderic_malta_cross, uniq_terence
D:3:      layout_loops_corners, first_ration, minmay_fractal_squares_gapless_5,
          uniq_jessica

Skill      XL: |  1  2  3  4 |
---------------+-------------+-----
Long Blades    | 2 3 |  3.6
Fighting       | 4 |  4.2
Armour         | 4 |  4.2
Shields        | |  3.2

Action                   |  1- 3 |  4- 6 || total
-------------------------+-------+-------++-------
Melee: Long sword        |    95 |   110 ||   205
  Use: Scroll            |       |     2 ||     2
       Potion            |       |     1 ||     1
  Eat: Chunk             |       |     2 ||     2
Armor: Scale mail        |    56 |    48 ||   104
Dodge: Dodged            |    33 |    21 ||    54
Block: Shield            |    45 |    47 ||    92
       Rpst.: Long sword |    11 |    10 ||    21

Table legend:
 A = Non-vault XP
 B = Vault XP
 C = Vault XP percentage of total XP
 D = Non-vault monster count
 E = Vault monster count
 F = Vault count percentage of total count
                 A         B        C        D         E       F
            +---------+---------+-------+---------+---------+-------
      Total |      88 |     107 |  54.9 |      34 |      21 |  38.2
            +---------+---------+-------+---------+---------+-------
        D:1 |      34 |      71 |  67.6 |      13 |      20 |  60.6
        D:2 |      47 |      36 |  43.4 |      20 |       1 |   4.8
        D:3 |       7 |       0 |   0.0 |       1 |       0 |   0.0
            +---------+---------+-------+---------+---------+-------
